 Dungeon Crawl Stone Soup version 0.19.1-1-g22dce08 (webtiles) character file.

124424 ohad the Severer (level 16, -1/127 HPs)
             Began as a Demonspawn Berserker on Dec 29, 2016.
             Was the Champion of Trog.
             Slain by a naga warrior
             ... wielding a +2 hand axe of flaming
              (4 damage)
             ... on level 3 of the Snake Pit.
             The game lasted 01:29:12 (31820 turns).

ohad the Severer (Demonspawn Berserker)            Turns: 31820, Time: 01:29:12

Health: -1/127     AC: 31    Str: 21    XL:     16   Next: 39%
Magic:  19/19      EV:  9    Int:  3    God:    Trog [******]
Gold:   249        SH:  0    Dex: 19    Spells: 0 memorised, 15 levels left

rFire  + . .     SeeInvis +     a - +6 battleaxe of Dishonour {freeze, rC+}
rCold  + . .     Gourm    .     E - +6 chain mail of Ifiaberat {*Drain +Inv rPois rF+}
rNeg   . . .     Faith    +     (shield currently unavailable)
rPois  +         Spirit   .     (helmet unavailable)
rElec  +         Reflect  .     M - +2 cloak of the Moneychanger {*Contam rPois Regen+ Int-5}
rCorr  .         Harm     .     T - +1 pair of gloves
MR     +....                    n - +2 pair of boots
Stlth  ..........               e - amulet of faith
                                V - +2 ring of dexterity
                                o - ring of see invisible

@: lethally poisoned (-1 -> -2), constricted
A: horns 3, thin metallic scales 3, nightstalker 1, powered by death 1
a: Berserk, Trog's Hand, Brothers in Arms, Burn Spellbooks, Renounce Religion,
Evoke Invisibility


You were on level 3 of the Snake Pit.
You worshipped Trog.
Trog was exalted by your worship.
You were not hungry.

You visited 4 branches of the dungeon, and saw 26 of its levels.
You visited the Abyss 1 time.
You visited 1 bazaar.
You also visited: Bailey and Volcano.

You collected 2300 gold pieces.
You spent 2051 gold pieces at shops.

Inventory:

Hand Weapons
 a - the +6 battleaxe of Dishonour (weapon) {freeze, rC+}
   (You bought it in a shop in a bazaar)

   It has been specially enchanted to freeze those struck by it, causing extra
   injury to most foes and up to half again as much damage against particularly
   susceptible opponents.
   It can also slow down cold-blooded creatures.
   It protects you from cold.
 b - a +1 battleaxe of flaming
 c - a +4 battleaxe of electrocution
 m - a +2 antimagic battleaxe
 v - the +5 hand axe of the Radish {chop, Str+6, unknown}
   (You found it on level 2 of the Snake Pit)

   It inflicts extra damage upon your enemies.
   It affects your strength (+6).
 w - a +6 executioner's axe of electrocution
 A - a +1 dagger of distortion
Missiles
 l - 2 throwing nets
 G - 4 javelins of returning
 P - 8 javelins (quivered)
 S - 2 javelins of penetration
Armour
 n - a +2 pair of boots (worn)
 E - the +6 chain mail of Ifiaberat (worn) {*Drain +Inv rPois rF+}
   (You found it on level 4 of the Lair of Beasts)

   It protects you from fire.
   It protects you from poison.
   It lets you turn invisible.
   It causes draining when unequipped.
 F - a +2 chain mail of magic resistance
 M - the +2 cloak of the Moneychanger (worn) {*Contam rPois Regen+ Int-5}
   (You bought it in a shop in a bazaar)

   It affects your intelligence (-5).
   It protects you from poison.
   It causes magical contamination when unequipped.
   It increases your rate of regeneration.
 T - a +1 pair of gloves (worn)
Jewellery
 e - an amulet of faith (around neck)
 o - a ring of see invisible (left hand)
 O - an uncursed ring of ice
 V - a +2 ring of dexterity (right hand)
Wands
 p - a wand of iceblast (9/15)
 x - a wand of lightning (15/15)
 W - a wand of acid (6/15)
Scrolls
 d - 2 scrolls of silence
 f - 3 scrolls of blinking
 g - a scroll of identify
 h - 4 scrolls of enchant armour
 i - 10 scrolls of remove curse
 j - a scroll of immolation
 s - 4 scrolls of recharging
 y - 4 scrolls of teleportation
 B - 2 scrolls of magic mapping
 H - a scroll of enchant weapon
 Q - 4 scrolls of fear
 Z - 6 scrolls of fog
Potions
 k - 5 potions of curing
 r - 2 potions of agility
 t - 4 potions of flight
 u - a potion of berserk rage
 z - 2 potions of invisibility
 D - 2 potions of ambrosia
 J - 4 potions of resistance
 K - 5 potions of might
Miscellaneous
 R - a disc of storms
 U - a disc of storms
Comestibles
 q - a meat ration
 I - 15 bread rations
 Y - 32 fruits


   Skills:
 + Level 12.1 Fighting
 - Level 20.0 Axes
 - Level 2.1 Throwing
 + Level 11.6 Armour
 + Level 5.3 Dodging
   Level 1.3 Shields
 - Level 5.1 Evocations


You had 15 spell levels left.
You didn't know any spells.

Dungeon Overview and Level Annotations

Branches:
Dungeon (15/15)            Temple (0/1) D:5            Lair (6/6) D:9
 Shoals (0/4) Lair:4        Snake (3/4) Lair:3        Slime (0/5) Lair:5
    Orc (2/2) D:9          Vaults (0/5) D:13
    Elf: Orc:2       Depths: D:15

Altars:
Cheibriados
Dithmenos
Fedhas
Gozag
Hepliaklqana
Kikubaaqudgha
Nemelex Xobeh
Okawaru
Xom
Beogh

Shops:
D:13 =%*}   Orc:1 *   Orc:2 ([((*   Snake:1 ?

Portals:
Trove: D:12 (show abyssal rune of Zot)

Annotations:
Snake:3 Donald


Innate Abilities, Weirdness & Mutations

You have a pair of large horns on your head.
You are completely covered in thin metallic scales. (AC +4, rElec)
You are slightly more attuned to the shadows.
You regenerate a little health from kills.


Message History

You hit the naga warrior. You freeze the naga warrior.
You slash the black mamba!
The black mamba seems to slow down.
You freeze the black mamba.
You kill the black mamba!
Trog accepts your kill.
You feel sick.
The naga warrior hits you from afar with a halberd!
* * * LOW HITPOINT WARNING * * *
The naga warrior hits you but does no damage.
* * * LOW HITPOINT WARNING * * *
The naga warrior constricts you.
You closely miss the naga warrior. You headbutt the naga warrior.
The naga warrior is heavily wounded.
You feel sick.
The naga warrior hits you but does no damage.
The naga warrior hits you with a hand axe of flaming!!
* * * LOW HITPOINT WARNING * * *
The naga warrior burns you.
* * * LOW HITPOINT WARNING * * *
You die...

.N.#####÷......... .(##
#...<.##.#. ..## ##.#.###.....#
...####.....##?....#
......#.....##.....# ..
......#.....##..⌠..# ..#
...N..##..⌠..#.....# ...
.......#.....#...†.#... ...
.......##.......@)..... ...
........##......N.N.... ...
.........##..⌠..>..⌠..# ...
..######..##.........## ####
..######...##...⌠...##########..(
............##.....##............
.............###+###<............
...........N.# #.............
.............# #...)...).....


You could see 2 naga warriors.

Vanquished Creatures
  Vashnia (Snake:3)
  Rupert (D:14)
  Agnes (Snake:2)
  Gastronok (D:9)
  Kirke (Lair:4)
  A nagaraja (Snake:3)
  Aizul (Snake:2)
  2 orc warlords
  A very ugly thing (D:15)
  The ghost of Apogee the Basher, a journeyman GrFi of Okawaru (D:12)
  An ogre mage (D:15)
  8 naga warriors
  Fannar (D:12)
  A catoblepas (Lair:6)
  6 hydras
  2 centaur warriors
  3 anacondas
  The ghost of markt42 the Basher, a journeyman GrFi of Okawaru (Lair:2)
  A tengu warrior (D:14)
  The ghost of Quirk the Cleaver, a novice DsFi of Okawaru (D:9)
  6 shock serpents
  An orc high priest (Orc:2)
  A deep elf knight (Bailey)
  A sun demon (Volcano)
  A hell knight (Volcano)
  5 naga sharpshooters
  Sonja (D:10)
  4 slime creatures
  A skeletal warrior (D:13)
  2 unseen horrors (D:14)
  2 salamander mystics (Snake:3)
  2 naga ritualists
  A wizard (D:14)
  A deep elf archer (D:13)
  13 hill giants
  3 orc knights
  12 deep elf magi
  A manticore (D:12)
  5 mana vipers
  9 salamanders
  4 cyclopes
  6 elephants
  3 orc sorcerers (Orc:2)
  6 ugly things
  2 guardian serpents
  Joseph (D:10)
  21 black mambas
  A centaur zombie (D:13)
  9 naga magi
  2 molten gargoyles (Volcano)
  4 centaur skeletons
  6 gargoyles
  8 spiny frogs
  4 rime drakes (Lair:6)
  A freezing wraith (D:14)
  A kobold demonologist (D:12)
  6 komodo dragons
  4 yaktaurs (D:13)
  A tengu conjurer (D:14)
  2 red devils (Volcano)
  A hornet (D:8)
  5 trolls
  A polar bear (Lair:2)
  4 meliai (D:13)
  Grinder (D:6)
  7 hippogriffs
  A vampire (D:9)
  A wraith (D:14)
  4 wyverns
  31 yaks
  Eustachio (D:5)
  4 basilisks
  A fire bat (Volcano)
  2 steam dragons (D:12)
  4 hogs (Lair:4)
  A chaos spawn (Abyss:2)
  3 vampire mosquitoes (D:14)
  6 wargs
  27 nagas
  Edmund (D:6)
  A soldier ant (D:14)
  A mottled dragon (D:14)
  10 water moccasins
  Duvessa (D:4)
  2 hell hounds (Volcano)
  5 porcupines
  2 phantoms
  32 orc warriors
  3 sky beasts
  3 black bears (Lair:2)
  5 ice beasts
  14 ogres
  An eye of draining (D:12)
  11 wolves
  8 centaurs
  4 crocodiles
  8 big kobolds
  A gnoll sergeant (D:9)
  Blork the orc (D:5)
  9 bullfrogs
  A wyvern zombie (D:10)
  A water moccasin skeleton (D:8)
  Dowan (D:4)
  3 scorpions
  5 killer bees (D:11)
  7 wights
  8 howler monkeys
  6 crimson imps
  A quasit (Abyss:2)
  A bullfrog zombie (D:10)
  3 lava snakes (Volcano)
  29 orc wizards
  29 orc priests
  3 hounds
  3 iguanas
  3 jellies
  An iron imp (Abyss:2)
  4 bullfrog skeletons
  5 worker ants
  2 worker ant zombies
  Robin (D:4)
  A howler monkey skeleton (D:5)
  6 gnolls
  18 adders
  3 shadow imps
  2 adder skeletons
  An adder zombie (D:6)
  6 worms
  3 dart slugs
  9 leopard geckos
  133 orcs
  35 bats
  6 giant cockroaches
  10 hobgoblins
  23 jackals
  29 kobolds
  4 quokkas
  5 frilled lizards
  13 goblins
  A leopard gecko skeleton (D:6)
  2 rats
  5 fungi
  A lurking horror (Abyss:2)
  2 plants (Lair:2)
863 creatures vanquished.

Vanquished Creatures (collateral kills)
  3 naga sharpshooters (Snake:3)
  A black mamba (Lair:2)
  A hornet (D:7)
  2 yaks (D:14)
  2 orc warriors
  An orc wizard (D:7)
  A worker ant (D:6)
  3 orcs (D:9)
  A quokka (D:4)
15 creatures vanquished.

Vanquished Creatures (others)
  A deep elf mage (D:13)
  A human (Lair:4)
  An orc wizard (Orc:2)
  5 fungi
  14 plants
22 creatures vanquished.

Grand Total: 900 creatures vanquished

Notes
Turn   | Place    | Note
-------+----------+-------------------------------------------
     0 | D:1      | ohad the Demonspawn Berserker began the quest for the Orb.
     0 | D:1      | Reached XP level 1. HP: 18/18 MP: 1/1
   118 | D:1      | Reached skill level 3 in Axes
   157 | D:1      | Gained mutation: You have a pair of small horns on your head. [demonic ancestry]
   157 | D:1      | Reached XP level 2. HP: 22/24 MP: 2/2
   348 | D:1      | Gained mutation: You are slightly more attuned to the shadows. [demonic ancestry]
   348 | D:1      | Reached XP level 3. HP: 27/29 MP: 3/3
   721 | D:1      | Reached skill level 4 in Axes
   792 | D:1      | Reached ** piety under Trog
  1198 | D:2      | Reached XP level 4. HP: 34/35 MP: 4/4
  1653 | D:3      | Reached skill level 5 in Axes
  1658 | D:3      | Gained mutation: You have a pair of horns on your head. [demonic ancestry]
  1658 | D:3      | Reached XP level 5. HP: 36/41 MP: 5/5
  1814 | D:3      | Reached *** piety under Trog
  2432 | D:4      | Noticed Robin
  2657 | D:3      | Reached skill level 6 in Axes
  3105 | D:3      | Gained mutation: You regenerate a little health from kills. [demonic ancestry]
  3105 | D:3      | Reached XP level 6. HP: 8/47 MP: 6/6
  3529 | D:4      | Killed Robin
  3565 | D:4      | Noticed Dowan
  3589 | D:4      | Killed Dowan
  3636 | D:4      | Reached **** piety under Trog
  3645 | D:4      | Noticed Duvessa
  3658 | D:4      | Killed Duvessa
  3658 | D:4      | Reached skill level 7 in Axes
  4121 | D:4      | Reached XP level 7. HP: 52/52 MP: 7/7
  4762 | D:4      | Reached skill level 8 in Axes
  5345 | D:5      | Entered Level 5 of the Dungeon
  5369 | D:5      | Noticed Eustachio
  5417 | D:5      | Killed Eustachio
  5645 | D:5      | Gained mutation: You are partially covered in thin metallic scales. (AC +2) [demonic ancestry]
  5645 | D:5      | Reached XP level 8. HP: 52/58 MP: 8/8
  5662 | D:5      | Reached skill level 9 in Axes
  5920 | D:5      | Reached skill level 1 in Shields
  6022 | D:5      | Found a staircase to the Ecumenical Temple.
  6032 | D:5      | Noticed Blork the orc
  6043 | D:5      | Killed Blork the orc
  6185 | D:5      | Found a sparkling altar of Nemelex Xobeh.
  6186 | D:5      | Found a shimmering altar of Xom.
  6188 | D:5      | Found an ancient bone altar of Kikubaaqudgha.
  6189 | D:5      | Found a hazy altar of Hepliaklqana.
  6190 | D:5      | Found a blossoming altar of Fedhas.
  6201 | D:5      | Found a shadowy altar of Dithmenos.
  6401 | D:6      | Noticed a hippogriff
  6412 | D:6      | Killed a hippogriff
  6419 | D:6      | Noticed Grinder
  6439 | D:5      | Reached skill level 10 in Axes
  6457 | D:6      | Killed Grinder
  6562 | D:6      | Noticed Edmund
  6572 | D:6      | Killed Edmund
  6622 | D:6      | Reached skill level 1 in Evocations
  6632 | D:6      | Reached XP level 9. HP: 52/63 MP: 8/10
  6681 | D:6      | Got an iridescent trident
  6907 | D:6      | Found an opulent altar of Gozag.
  6954 | D:6      | Reached skill level 11 in Axes
  7390 | D:7      | Reached skill level 1 in Throwing
  7543 | D:7      | Paralysed by a hornet for 2 turns
  7551 | D:7      | Paralysed by a hornet for 1 turns
  8507 | D:8      | Reached ***** piety under Trog
  8675 | D:8      | Paralysed by a hornet for 1 turns
  8676 | D:8      | Reached skill level 12 in Axes
  9507 | D:9      | Reached XP level 10. HP: 61/70 MP: 11/11
  9548 | D:9      | Found a staircase to the Orcish Mines.
  9567 | D:9      | Found a roughly hewn altar of Beogh.
  9568 | D:9      | Noticed Gastronok
  9571 | D:9      | Received a gift from Trog
  9744 | D:9      | Found a staircase to the Lair.
  9862 | D:9      | Killed Gastronok
  9862 | D:9      | Reached skill level 13 in Axes
 10032 | D:10     | Entered Level 10 of the Dungeon
 10175 | D:10     | Noticed Sonja
 10351 | Lair:1   | Entered Level 1 of the Lair of Beasts
 10971 | Lair:1   | Reached skill level 14 in Axes
 11124 | Lair:1   | Noticed a spiny frog
 11132 | Lair:1   | Killed a spiny frog
 11265 | Lair:1   | Noticed a spiny frog
 11279 | Lair:1   | Killed a spiny frog
 11804 | Lair:2   | Noticed markt42's ghost (journeyman GrFi)
 11865 | Lair:2   | Killed markt42's ghost
 11865 | Lair:2   | Gained mutation: You are mostly covered in thin metallic scales. (AC +3) [demonic ancestry]
 11865 | Lair:2   | Reached XP level 11. HP: 78/78 MP: 12/12
 12554 | Lair:2   | Reached skill level 5 in Fighting
 13167 | Lair:2   | Reached skill level 5 in Armour
 13703 | Lair:3   | Found a staircase to the Snake Pit.
 13791 | Lair:3   | Found a dark tunnel.
 13799 | Volcano  | Entered a volcano
 14851 | Volcano  | Found a bloodstained altar of Trog.
 14851 | Volcano  | Noticed a sun demon
 14858 | Volcano  | Killed a sun demon
 15038 | Volcano  | Noticed a hell knight
 15054 | Volcano  | Killed a hell knight
 15483 | Lair:3   | Noticed a four-headed hydra
 15492 | Lair:3   | Killed a one-headed hydra
 15548 | Lair:3   | Reached XP level 12. HP: 79/91 MP: 13/13
 16308 | Lair:4   | Got a brightly glowing chain mail
 16354 | Lair:4   | Noticed Kirke
 16459 | Lair:3   | Identified the +6 chain mail of Ifiaberat {*Drain +Inv rPois rF+} (You found it on level 4 of the Lair of Beasts)
 16558 | Lair:4   | Killed Kirke
 16798 | Lair:4   | Found a staircase to the Shoals.
 17904 | Lair:5   | Received a gift from Trog
 17916 | Lair:5   | Reached skill level 10 in Fighting
 18275 | Lair:5   | Reached skill level 10 in Armour
 18289 | Lair:5   | Noticed a six-headed hydra
 18296 | Lair:5   | Killed a two-headed hydra
 18411 | Lair:5   | Found a staircase to the Slime Pits.
 18655 | Lair:5   | Noticed a four-headed hydra
 18666 | Lair:5   | Killed a one-headed hydra
 19324 | Lair:6   | Entered Level 6 of the Lair of Beasts
 19325 | Lair:6   | Noticed a catoblepas
 19333 | Lair:6   | Killed a catoblepas
 19333 | Lair:6   | Gained mutation: You have a pair of large horns on your head. [demonic ancestry]
 19333 | Lair:6   | Reached XP level 13. HP: 82/103 MP: 14/14
 19989 | Lair:6   | Reached skill level 15 in Axes
 20216 | Lair:6   | Found a hazy altar of Hepliaklqana.
 20628 | D:10     | Noticed Joseph
 20635 | D:10     | Killed Joseph
 20867 | D:10     | Cast into level 2 of the Abyss (Sonja)
 20869 | Abyss:2  | Found a corrupted altar of Lugonu.
 20940 | Abyss:2  | Found a corrupted altar of Lugonu.
 21038 | D:10     | Escaped the Abyss
 21041 | D:10     | Killed Sonja
 21562 | D:11     | Found a flickering gateway to a bazaar.
 21572 | Bazaar   | Entered a bazaar
 21672 | Bazaar   | Found Kist's Assorted Antiques.
 21684 | Bazaar   | Found Qemainea's Book Boutique.
 21702 | Bazaar   | Found Juaxiv's Book Boutique.
 21751 | Bazaar   | Found Inaedaewoa's Weapon Shop.
 21824 | Bazaar   | Bought a scroll of identify for 34 gold pieces
 21824 | Bazaar   | Bought a smoking battleaxe for 195 gold pieces
 21824 | Bazaar   | Bought a dazzling cloak for 161 gold pieces
 21827 | Bazaar   | Identified the +6 battleaxe of Dishonour {freeze, rC+} (You bought it in a shop in a bazaar)
 21838 | Bazaar   | Identified the +2 cloak of the Moneychanger {*Contam rPois Regen+ Int-5} (You bought it in a shop in a bazaar)
 21839 | Bazaar   | Bought a scroll labeled PUUTUA GEYXT for 17 gold pieces
 21839 | Bazaar   | Bought a tubular coral ring for 85 gold pieces
 21839 | Bazaar   | Bought a scroll labeled VUCSIEH FOFERCH for 17 gold pieces
 22702 | D:12     | Found a portal to a secret trove of treasure.
 22738 | D:12     | Noticed Apogee's ghost (journeyman GrFi)
 22757 | D:12     | Killed Apogee's ghost
 22757 | D:12     | Reached skill level 16 in Axes
 22867 | D:12     | Received a gift from Trog
 23357 | D:12     | Noticed Fannar
 23386 | D:12     | Killed Fannar
 23508 | D:12     | Reached XP level 14. HP: 93/110 MP: 15/15
 23735 | D:13     | Found Vohocapi's Food Shop.
 23763 | D:13     | Reached skill level 17 in Axes
 23771 | D:13     | Got a brightly glowing scale mail
 23774 | D:13     | Found an opulent altar of Gozag.
 23864 | D:13     | Found Ytsiud's Gadget Shop.
 24178 | D:13     | Reached skill level 5 in Evocations
 24242 | D:13     | Found Ettur's Jewellery Boutique.
 24295 | D:13     | Found Senkuwah's General Store.
 24298 | D:13     | Bought a scroll of identify for 28 gold pieces
 24298 | D:13     | Bought a scroll of silence for 105 gold pieces
 24387 | D:13     | Found a gate to the Vaults.
 24667 | D:14     | Found a flagged portal.
 24680 | Bailey   | Entered a bailey
 24690 | Bailey   | Received a gift from Trog
 25229 | D:14     | Reached ****** piety under Trog
 25282 | D:14     | Reached skill level 18 in Axes
 25356 | D:14     | Received a gift from Trog
 25451 | D:14     | Identified a scroll of acquirement
 25479 | D:14     | Noticed Rupert
 25497 | D:14     | Killed Rupert
 25511 | D:14     | Received a gift from Trog
 25922 | D:15     | Entered Level 15 of the Dungeon
 26115 | D:15     | Noticed a brown very ugly thing
 26127 | D:15     | Killed a brown very ugly thing
 26127 | D:15     | Reached XP level 15. HP: 75/115 MP: 18/18
 26237 | D:14     | HP: 4/115 [meliai/hand axe (3)]
 26527 | D:9      | Noticed Quirk's ghost (novice DsFi)
 26539 | D:9      | Killed Quirk's ghost
 26640 | Orc:1    | Entered Level 1 of the Orcish Mines
 26892 | Orc:1    | Found Meiddumpuf's General Store.
 26909 | Orc:1    | Bought a scroll of identify for 26 gold pieces
 26909 | Orc:1    | Bought a scroll of enchant weapon for 97 gold pieces
 27073 | Orc:2    | Entered Level 2 of the Orcish Mines
 27082 | Orc:2    | Reached skill level 19 in Axes
 27141 | Orc:2    | Received a gift from Trog
 27255 | Orc:2    | Found Viym's Weapon Boutique.
 27357 | Orc:2    | Found a roughly hewn altar of Beogh.
 27362 | Orc:2    | Found Lysuqu Neita's Assorted Antiques.
 27382 | Orc:2    | Bought a scroll of blinking for 240 gold pieces
 27382 | Orc:2    | Bought 2 scrolls of fog for 128 gold pieces
 27382 | Orc:2    | Bought a potion of heal wounds for 160 gold pieces
 27382 | Orc:2    | Bought a scroll of identify for 64 gold pieces
 27382 | Orc:2    | Bought a scroll of blinking for 240 gold pieces
 27382 | Orc:2    | Bought a green potion for 28 gold pieces
 27404 | Orc:2    | Found a roughly hewn altar of Beogh.
 27410 | Orc:2    | Received a gift from Trog
 27500 | Orc:2    | Found a roughly hewn altar of Beogh.
 27568 | Orc:2    | Found a roughly hewn altar of Beogh.
 27622 | Orc:2    | Found a roughly hewn altar of Beogh.
 27628 | Orc:2    | Found Amixuwno's Antique Weapon Boutique.
 27663 | Orc:2    | Found a roughly hewn altar of Beogh.
 27713 | Orc:2    | Found a roughly hewn altar of Beogh.
 27774 | Orc:2    | Noticed an orc warlord
 27824 | Orc:1    | Killed an orc warlord
 27985 | Orc:2    | Noticed an orc warlord
 27998 | Orc:2    | Received a gift from Trog
 28056 | Orc:2    | Killed an orc warlord
 28217 | Orc:2    | Found Desuri Weph's Antique Weapon Boutique.
 28222 | Orc:2    | Found a roughly hewn altar of Beogh.
 28222 | Orc:2    | Found Qaeraed's Antique Armour Shop.
 28256 | Orc:2    | Bought a pair of embroidered boots for 378 gold pieces
 28365 | Lair:1   | Got a steaming steel ring
 28367 | Lair:1   | Identified the ring of Zoaruneu {*Slow rF+ Int+3 Dex+6} (You acquired it on level 1 of the Lair of Beasts)
 28460 | Snake:1  | Entered Level 1 of the Snake Pit
 29093 | Snake:1  | Found Fistovon's Magic Scroll Shoppe.
 29100 | Snake:1  | Bought a scroll of identify for 24 gold pieces
 29100 | Snake:1  | Bought a scroll of identify for 24 gold pieces
 29156 | Snake:1  | Reached skill level 20 in Axes
 29195 | Snake:1  | Received a gift from Trog
 29795 | Snake:2  | Got a shimmering hand axe
 29993 | Snake:2  | Found an iron altar of Okawaru.
 29993 | Snake:2  | Noticed Aizul
 29998 | Snake:2  | Noticed Agnes
 30210 | Snake:2  | Killed Aizul
 30553 | Snake:2  | Gained mutation: You are completely covered in thin metallic scales. (AC +4, rElec) [demonic ancestry]
 30553 | Snake:2  | Reached XP level 16. HP: 125/125 MP: 19/19
 30581 | Snake:2  | Killed Agnes
 30679 | Snake:2  | Reached skill level 5 in Dodging
 30979 | Snake:3  | Found a snail-covered altar of Cheibriados.
 31003 | Snake:3  | Received a gift from Trog
 31166 | Snake:3  | Noticed Vashnia
 31182 | Snake:3  | Killed Vashnia
 31191 | Snake:3  | Received a gift from Trog
 31470 | Snake:3  | Noticed Donald
 31820 | Snake:3  | HP: 3/127 [naga warrior/hand axe of flaming (5)]
 31820 | Snake:3  | Slain by a naga warrior

Skill      XL: |  1  2  3  4  5  6  7  8  9 10 11 12 13 14 15 16 |
---------------+-------------------------------------------------+-----
Axes           | 3 4 5 6 7 8 10 12 14 16 18 20 | 20.0
Shields        | 1 |  1.3
Evocations     | 2 5 |  5.1
Throwing       | 2 |  2.1
Armour         | 3 7 10 11 | 11.6
Dodging        | 3 4 5 |  5.3
Fighting       | 4 7 10 11 12 | 12.1

Action                   |  1- 3 |  4- 6 |  7- 9 | 10-12 | 13-15 | 16-18 || total
-------------------------+-------+-------+-------+-------+-------+-------++-------
Melee: Hand axe          |   110 |   212 |       |       |       |       ||   322
       Headbutt          |    15 |    54 |    83 |   114 |   288 |    40 ||   594
       War axe           |       |    17 |   445 |   162 |       |       ||   624
       Battleaxe         |       |       |       |   313 |  1107 |   113 ||  1533
       Broad axe         |       |       |       |       |    42 |       ||    42
       Executioner's axe |       |       |       |       |       |    15 ||    15
Throw: Throwing net      |       |       |       |     1 |       |       ||     1
       Javelin           |       |       |       |       |     1 |       ||     1
Invok: Berserk           |       |     2 |     1 |     5 |     4 |       ||    12
       Brothers in Arms  |       |     1 |     3 |     4 |     3 |     1 ||    12
       Trog's Hand       |       |       |     4 |     8 |     4 |       ||    16
 Abil: Evoke Invisibilit |       |       |       |       |     1 |       ||     1
  Use: Scroll            |       |     5 |     5 |    10 |    21 |     1 ||    42
       Potion            |       |       |     2 |     8 |     5 |     2 ||    17
 Stab: Sleeping          |     2 |       |       |       |       |       ||     2
       Distracted        |       |       |       |     1 |     1 |     1 ||     3
  Eat: Chunk             |     1 |    10 |    16 |    19 |    30 |     1 ||    77
       Beef jerky        |       |     1 |     1 |     3 |     3 |     2 ||    10
       Pizza             |       |       |     1 |       |       |       ||     1
       Fruit             |       |       |     3 |    10 |     1 |       ||    14
       Royal jelly       |       |       |       |     2 |     2 |       ||     4
       Bread ration      |       |       |       |     1 |       |       ||     1
       Meat ration       |       |       |       |       |     1 |       ||     1
Armor: Ring mail         |    44 |     1 |       |       |       |       ||    45
       Animal skin       |     1 |       |       |       |       |       ||     1
       Chain mail        |       |   133 |   203 |   260 |   681 |    95 ||  1372
       Plate armour      |       |       |       |    31 |       |       ||    31
Dodge: Dodged            |    79 |    90 |   106 |   187 |   519 |    70 ||  1051
Block: Shield            |       |       |   117 |    56 |       |       ||   173
